Map: Pillars of Gold LE

Players

Serral - Winner!

  • Race: Zerg Zerg
  • Spawn Location: 7:00

YoutubeTY (TY)

  • Race: Terran Terran
  • League: Master
  • Spawn Location: 1:00

Event: DreamHack SC2 Masters 2020 Summer Season Finals

VOD

Have the link to the VOD?

Description

Time

  • Played on: July 18, 2020, 12:52 p.m.
  • Length: 13:56

All games in this series

Show
View Real Time Build Order
Export as new Build Order

Serral Zerg - Winner!

Build Orders: Hatch First 

Get SALT Encoding   

  12  0:00  Drone  
  13  0:12  Overlord  
  13  0:18  Drone  
  14  0:31  Drone x2  
  16  0:50  Hatchery  
  16  0:53  Drone  
  17  0:57  Drone  
  17  1:01  Drone  
  18  1:10  Extractor  
  17  1:18  Spawning Pool  
  16  1:21  Drone  
  16  1:24  Drone  
  18  1:28  Drone  
  19  1:39  Drone  
  20  1:52  Overlord  
  20  2:04  Queen x2  
  20  2:05  Zergling x4  
  26  2:12  Drone  
  26  2:13  Drone  
  28  2:18  Metabolic Boost  
  28  2:22  Drone  
  29  2:24  Drone  
  30  2:43  Hatchery  
  29  2:44  Drone  
  29  2:47  Drone  
  31  2:53  Queen  
  33  2:59  Overlord  
  33  3:02  Drone  
  33  3:04  Drone  
  35  3:08  Pneumatized Carapace  
  35  3:14  Drone  
  35  3:18  Drone x3  
  39  3:21  Drone  
  39  3:25  Overlord  
  40  3:29  Drone x2  
  42  3:35  Queen  
  42  3:39  Overlord  
  44  3:47  Drone  
  44  3:48  Zergling x6  
  47  3:50  Drone x2  
  50  3:55  Queen  
  50  3:58  Drone x2  
  54  4:03  Drone x2  
  54  4:04  Drone  
  54  4:07  Zergling x2  
  58  4:10  Overlord  
  58  4:12  Drone  
  58  4:14  Queen  
  61  4:21  Drone x2  
  61  4:23  Drone  
  64  4:25  Spore Crawler  
  57  4:35  Zergling x8  
  54  4:42  Drone x4  
  56  4:46  Drone x2  
  56  4:48  Drone  
  56  4:51  Drone  
  59  4:53  Drone  
  59  4:55  Drone  
  59  4:56  Drone  
  59  4:58  Drone  
  63  5:05  Zergling x2  
  63  5:06  Zergling x2  
  65  5:07  Drone x2  
  65  5:09  Drone  
  65  5:11  Drone  
  69  5:16  Evolution Chamber x2  
  69  5:20  Drone x2  
  69  5:22  Drone  
  69  5:23  Drone x3  
  69  5:26  Queen  
  73  5:29  Overlord  
  73  5:30  Drone  
  73  5:34  Overlord  
  73  5:35  Overlord  
  74  5:38  Overlord  
  74  5:45  Zerg Melee Weapons Level 1, Zerg Ground Armor Level 1, Extractor  
  74  5:46  Drone  
  74  5:47  Drone, Extractor  
  74  5:49  Drone x2  
  76  5:50  Drone  
  76  5:52  Drone x2  
  76  5:53  Extractor  
  78  5:57  Lair  
  78  6:00  Drone x2  
  78  6:01  Drone  
  81  6:07  Hatchery  
  81  6:10  Baneling Nest  
  81  6:11  Drone x2  
  80  6:13  Drone  
  80  6:14  Drone  
  80  6:15  Drone  
  80  6:17  Drone  
  85  6:20  Overlord  
  85  6:22  Overlord  
  85  6:23  Zergling x4  
  85  6:25  Zergling x2  
  88  6:28  Zergling x6  
  91  6:33  Zergling x2  
  91  6:34  Zergling x6  
  91  6:35  Extractor  
  91  6:39  Zergling x10  
  99  6:47  Zergling x6  
  99  6:49  Queen  
  104  6:55  Baneling x6  
  104  6:56  Baneling  
  104  6:58  Zergling x6  
  102  7:05  Zergling x14  
  95  7:15  Zergling x6  
  94  7:16  Hydralisk Den  
  94  7:17  Centrifical Hooks  
  94  7:20  Zergling x6  
  97  7:25  Zergling x2  
  97  7:28  Queen  
  97  7:29  Overlord  
  100  7:32  Overlord  
  100  7:33  Zergling x2  
  100  7:34  Baneling x3  
  100  7:35  Baneling  
  101  7:38  Zergling x6  
  101  7:40  Baneling  
  101  7:41  Baneling x3  
  104  7:44  Zerg Ground Armor Level 2, Zerg Melee Weapons Level 2  
  104  7:46  Muscular Augments, Drone x2  
  106  7:53  Drone  
  106  7:54  Drone x3  
  106  7:57  Overlord  
  106  7:58  Drone x3  
  112  7:59  Overlord  
  112  8:01  Zergling x8  
  117  8:06  Overseer  
  117  8:10  Zergling x10  
  122  8:14  Overlord  
  122  8:16  Drone x3  
  122  8:19  Overseer  
  125  8:24  Drone x6  
  125  8:25  Overlord  
  125  8:26  Overlord x2  
  131  8:31  Hydralisk x3  
  135  8:45  Hydralisk  
  135  8:46  Hydralisk x7  
  145  8:53  Hydralisk x2  
  145  8:54  Zergling x10  
  152  9:01  Baneling  
  152  9:02  Baneling x6  
  150  9:03  Zergling x10  
  150  9:06  Overlord  
  155  9:11  Grooved Spines  
  139  9:24  Drone  
  139  9:25  Hydralisk  
  139  9:26  Zergling x8, Hydralisk  
  139  9:30  Hatchery  
  147  9:37  Zergling x22  
  148  9:46  Drone x2  
  148  9:54  Drone  
  148  9:59  Drone x2  
  151  10:08  Overlord x6  
  151  10:09  Overlord  
  151  10:11  Baneling  
  151  10:12  Baneling x15, Overseer, Extractor  
  151  10:13  Infestation Pit  
  149  10:19  Queen  
  151  10:23  Baneling x4  
  151  10:24  Baneling x3  
  151  10:25  Queen  
  151  10:26  Overseer  
  151  10:27  Zergling x24  
  165  10:40  Drone x3  
  165  10:41  Drone x3  
  171  10:43  Burrow  
  171  10:44  Queen  
  171  10:45  Zergling x14  
  180  10:50  Hive, Spore Crawler  
  180  10:55  Drone x5  
  184  10:59  Drone  
  184  11:00  Drone  
  184  11:01  Spore Crawler  
  185  11:07  Drone x2  
  185  11:09  Overlord  
  188  11:11  Zergling x20  
  195  11:19  Zergling x2  
  195  11:20  Zergling x4  
  184  11:27  Zergling x8  
  164  11:35  Zergling x2  
  164  11:36  Zergling x10  
  170  11:41  Drone  
  170  11:42  Hatchery  
  170  11:43  Drone  
  170  11:44  Drone x3, Extractor  
  170  11:45  Baneling x4  
  170  11:46  Baneling x22  
  173  11:50  Zergling x8  
  176  11:54  Baneling x14  
  176  12:01  Zergling x10  
  181  12:04  Adrenal Glands  
  181  12:18  Zergling x36  
  181  12:22  Overseer  
  199  12:29  Overlord  
  199  12:32  Overlord  
  198  12:45  Baneling x7  
  196  12:53  Zergling x16  
  197  13:03  Baneling  
  197  13:04  Zergling x6, Baneling x7  
  191  13:15  Zergling x20  
  191  13:16  Zergling x18  
  191  13:19  Zergling x22  
  188  13:28  Zergling x12  
  188  13:32  Spine Crawler  
  199  13:34  Baneling x2  
  199  13:35  Baneling x27  
  199  13:36  Spore Crawler  
  199  13:37  Zergling x4  
Show
View Real Time Build Order
Export as new Build Order

YoutubeTY Terran 

Build Orders: Liberator Opening 

Get SALT Encoding   

  12  0:01  SCV  
  13  0:13  SCV  
  14  0:18  Supply Depot  
  14  0:25  SCV  
  15  0:28  Refinery  
  15  0:39  SCV  
  16  0:46  Barracks  
  16  0:51  SCV  
  17  1:03  SCV  
  18  1:15  SCV  
  20  1:33  Reaper  
  20  1:34  Orbital Command  
  20  1:45  Command Center  
  20  1:56  Factory  
  20  2:00  SCV  
  21  2:07  Barracks Reactor  
  21  2:10  Supply Depot  
  21  2:13  SCV  
  22  2:18  Refinery  
  22  2:25  SCV  
  23  2:38  SCV  
  23  2:41  Hellion  
  23  2:44  Starport, Marine  
  26  2:45  Marine  
  28  2:52  SCV  
  28  2:57  Orbital Command  
  29  3:05  SCV  
  32  3:06  Widow Mine  
  32  3:08  Marine  
  32  3:09  Marine  
  34  3:17  SCV  
  35  3:21  Medivac  
  35  3:24  SCV  
  38  3:29  SCV, Supply Depot  
  39  3:35  Hellion  
  39  3:36  Hellion  
  39  3:39  SCV  
  39  3:41  SCV  
  45  3:42  Barracks Tech Lab  
  45  3:51  SCV  
  45  3:53  Supply Depot  
  45  3:54  Liberator  
  49  3:59  SCV  
  50  4:03  Stimpack  
  50  4:05  Hellion  
  50  4:08  SCV  
  53  4:15  Hellion  
  56  4:17  SCV, Supply Depot  
  56  4:20  SCV  
  57  4:29  SCV  
  58  4:32  SCV  
  58  4:35  Marine  
  57  4:41  SCV  
  57  4:43  Hellion x2  
  57  4:44  SCV  
  63  4:50  Command Center  
  56  4:53  SCV  
  56  4:56  Viking  
  56  4:57  SCV  
  56  4:58  Marine  
  61  5:05  SCV  
  62  5:08  Barracks  
  62  5:09  SCV  
  63  5:14  Factory Reactor  
  63  5:15  Barracks  
  63  5:16  Marine  
  63  5:17  SCV  
  63  5:21  SCV  
  66  5:27  Starport Reactor, Engineering Bay x2  
  63  5:29  SCV  
  63  5:32  Refinery  
  63  5:33  SCV  
  63  5:35  Supply Depot  
  65  5:37  Supply Depot  
  65  5:46  SCV x2  
  67  5:54  Terran Infantry Weapons Level 1, Barracks, Terran Infantry Armor Level 1  
  67  5:56  Barracks  
  67  5:57  Hellion, Marine x2  
  67  5:58  Armory  
  67  6:03  Orbital Command  
  71  6:07  Medivac x2  
  71  6:10  Marine  
  76  6:12  SCV x2  
  78  6:21  Marine x2  
  78  6:25  Marine x2  
  82  6:27  Marine  
  82  6:28  Combat Shield  
  82  6:29  Orbital Command  
  82  6:32  SCV, Factory Tech Lab  
  84  6:33  SCV  
  84  6:36  Supply Depot  
  84  6:39  Marine x2  
  87  6:43  Marine x2  
  87  6:44  Barracks Reactor  
  87  6:45  Barracks Reactor, Marine  
  92  6:57  Marine x2  
  92  6:58  Siege Tank  
  92  7:00  Marine x2  
  95  7:03  Marine  
  95  7:06  SCV x2  
  88  7:14  SCV  
  88  7:15  Marine x2  
  85  7:17  Refinery  
  85  7:18  Marine x2  
  85  7:19  Supply Depot  
  85  7:21  Marine  
  85  7:22  Marine x4  
  92  7:25  SCV  
  92  7:28  SCV, Supply Depot  
  94  7:32  Marine x2, Siege Tank  
  94  7:34  SCV  
  94  7:36  Marine x2  
  102  7:39  Marine x2  
  102  7:40  Drilling Claws, Marine x3  
  106  7:45  Medivac x2  
  106  7:49  SCV  
  106  7:50  SCV x2, Marine x2  
  115  7:54  Marine x2  
  115  7:56  Supply Depot  
  115  7:58  Marine x3  
  118  7:59  Marine  
  122  8:08  Siege Tank  
  124  8:13  Bunker  
  124  8:15  Command Center, Marine  
  124  8:18  Supply Depot  
  127  8:20  Supply Depot  
  127  8:23  Liberator x2  
  127  8:24  Marine  
  127  8:25  Marine  
  133  8:39  Marine x6, Sensor Tower  
  133  8:40  SCV x2  
  141  8:42  SCV, Marine  
  141  8:47  Marine x2  
  144  8:52  SCV  
  144  8:53  Missile Turret  
  145  8:57  Marine x4  
  145  9:01  SCV x2  
  139  9:04  SCV  
  139  9:06  Medivac x2  
  144  9:13  SCV x2  
  144  9:15  Marine x3  
  144  9:16  SCV  
  141  9:19  Marine x2, Siege Tank  
  136  9:25  SCV  
  136  9:26  SCV, Marine x3  
  141  9:32  Marine  
  141  9:33  Marine x3  
  141  9:37  Marine x2  
  138  9:46  SCV  
  138  9:47  SCV x2  
  138  9:51  Medivac x2  
  141  10:01  SCV x2, Barracks  
  141  10:02  Barracks x2  
  141  10:05  Marine x3  
  141  10:06  Marauder, Marine  
  149  10:09  SCV  
  149  10:11  Refinery  
  149  10:12  Widow Mine x2  
  154  10:22  Planetary Fortress  
  154  10:24  Missile Turret, Marine x4  
  154  10:26  SCV x2  
  164  10:30  Supply Depot  
  164  10:33  Missile Turret  
  160  10:38  SCV x2  
  160  10:39  Refinery, Terran Infantry Weapons Level 2  
  160  10:40  Refinery  
  162  10:48  Command Center  
  163  10:54  Terran Infantry Armor Level 2, Refinery  
  163  10:57  SCV x3  
  163  11:03  Barracks Tech Lab x2  
  163  11:04  Command Center  
  165  11:06  Widow Mine x2  
  165  11:09  Marauder, Marine  
  172  11:14  Supply Depot  
  172  11:15  Supply Depot x2  
  172  11:17  Barracks Tech Lab  
  172  11:19  SCV, Marine  
  172  11:20  SCV, Marauder  
  163  11:27  Marauder x2  
  163  11:32  Marauder, Marine x5  
  134  11:34  SCV  
  134  11:39  Marauder  
  128  11:40  Medivac, Widow Mine x2  
  128  11:42  SCV, Marauder  
  128  11:45  Marine  
  128  11:46  Concussive Shells  
  138  11:48  Marine  
  138  11:52  Marine x3  
  142  11:57  Medivac, Marine x2  
  142  11:58  Marauder  
  142  11:59  Marauder  
  142  12:00  Marauder  
  152  12:04  SCV x2  
  152  12:07  Marauder x2, Marine  
  159  12:09  Marine  
  159  12:11  Marine  
  159  12:12  Marine  
  159  12:13  Medivac  
  159  12:15  Widow Mine x2  
  168  12:17  Marine x2  
  170  12:31  Factory  
  170  12:33  Marauder x3, Marine x3  
  170  12:36  Factory  
  177  12:37  SCV x3  
  177  12:38  Medivac  
  177  12:39  Marine  
  177  12:40  Marauder x2  
  187  12:50  Marine x2  
  187  12:52  Medivac, Marine  
  187  12:55  Marine  
  187  12:57  Marine  
  187  13:11  Marauder, Marine  
  187  13:12  Medivac, Widow Mine  
  187  13:13  Marauder  
  187  13:14  Marauder x2, Widow Mine  
  187  13:15  Marine x4  
  187  13:19  Factory Tech Lab  
  145  13:20  SCV x2  
  145  13:22  Medivac, Marauder, Marine  
  139  13:28  Marine  
  139  13:32  Marauder  
  139  13:33  Factory Tech Lab  
  142  13:34  Marine x2  
  142  13:35  Marine x2, Factory Tech Lab  
Tags
 
Add a new tag
Caveats
  • Supply blocks, unpowered buildings, or Contaminate may cause inaccurate times.
  • Supply counts are checked every 10 seconds.